 Dungeon Crawl Stone Soup version 0.26-a0-712-ga5a9c9c9d0 (webtiles) character file.

Game seed: 10997907350840096326

20319 Azzok the Severer (level 12, -24/89 HPs)
             Began as a Demonspawn Berserker on Nov 4, 2020.
             Was a High Priest of Trog.
             Annihilated by a boulder beetle (38 damage)
             ... on level 11 of the Dungeon.
             The game lasted 00:17:01 (12383 turns).

Azzok the Severer (Demonspawn Berserker)           Turns: 12383, Time: 00:17:02

Health: -24/89     AC: 26    Str: 23    XL:     12   Next: 44%
Magic:  0/12       EV:  9    Int:  8    God:    Trog [*****.]
Gold:   512        SH:  0    Dex: 13    Spells: 11/11 levels left

rFire    . . .     SeeInvis .   v - +0 battleaxe
rCold    . . .     Faith    .   (shield currently unavailable)
rNeg     . . .     Spirit   +   C - +0 plate armour
rPois    .         Reflect  .   a - +0 helmet
rElec    .         Harm     .   h - +0 cloak
rCorr    .         Rampage  .   i - +0 pair of gloves
MR       .....                  M - +0 pair of boots
Stlth    ..........             n - amulet of guardian spirit
HPRegen  0.24/turn              u - ring of flight
MPRegen  0.13/turn              (no ring)

@: mighty, sanguine armour, berserk cooldown, slowed, very slow
A: talons 1, powered by death 1, rot immunity, sanguine armour 2
a: Berserk, Trog's Hand, Brothers in Arms, Renounce Religion, Evoke Flight


You were on level 11 of the Dungeon.
You worshipped Trog.
Trog was extremely pleased with you.
You visited 1 branch of the dungeon, and saw 11 of its levels.
You also visited: Bailey.

You collected 701 gold pieces.
You spent 189 gold pieces at shops.

Inventory:

Hand Weapons
 v - a +0 battleaxe (weapon)
 I - a +2 war axe of draining
 N - a +4 antimagic executioner's axe
 R - the +6 shillelagh "Devastator" {shatter}
   (You found it on level 9 of the Dungeon)
Armour
 a - a +0 helmet (worn)
 h - a +0 cloak (worn)
 i - a +0 pair of gloves (worn)
 C - a +0 plate armour (worn)
 J - +0 acid dragon scales
 M - a +0 pair of boots (worn)
Jewellery
 g - an uncursed ring of ice
 n - an amulet of guardian spirit (around neck)
 u - a ring of flight (left hand)
 B - the ring "Eciffoum" {Ice Str+3}
   (You bought it in a shop on level 7 of the Dungeon)

   [ring of ice]

   It enhances your ice magic.
   It affects your strength (+3).
   It makes you vulnerable to fire.
   It protects you from cold.
Wands
 s - a wand of digging (4)
 t - a wand of iceblast (11)
 w - a wand of flame (6)
 y - a wand of disintegration (13)
Scrolls
 b - 4 scrolls of enchant armour {unknown}
 d - 10 scrolls of remove curse
 e - 8 scrolls of teleportation {unknown}
 f - 3 scrolls of immolation {unknown}
 j - a scroll of blinking {unknown}
 p - 2 scrolls of amnesia {unknown}
 r - 2 scrolls of magic mapping {unknown}
 x - a scroll of random uselessness {unknown}
 A - a scroll of fear {unknown}
 D - a scroll of acquirement {unknown}
 G - a scroll of noise {unknown}
 K - a scroll of vulnerability {unknown}
 Q - a scroll of fog {unknown}
Potions
 c - 8 potions of curing
 k - 4 potions of brilliance {unknown}
 l - 2 potions of magic {unknown}
 m - a potion of ambrosia {unknown}
 o - 4 potions of stabbing {unknown}
 q - a potion of mutation {!q}
 z - 3 potions of might
 E - 2 potions of heal wounds {unknown}
 H - a potion of lignification
 L - 2 potions of resistance
 P - a potion of cancellation
Miscellaneous
 F - a lightning rod (4/4)


   Skills:
 - Level 6.6 Fighting
 + Level 15.4 Axes
 - Level 5.6 Armour
 - Level 5.7 Dodging


You had 11 spell levels left.
You didn't know any spells.
Your spell library was empty.

Dungeon Overview and Level Annotations

Branches:
Dungeon (11/15)            Temple (0/1) D:5            Lair (0/6) D:10
    Orc (0/2) D:9          Bailey (visited)

Altars:
Elyvilon
Fedhas
Kikubaaqudgha
Makhleb
Ru
Sif Muna
Vehumet
Yredelemnul
Zin
Beogh

Shops:
D:5 }   D:6 }*   D:7 *:=(

Annotations:
D:10 exclusion: oklob plant


Innate Abilities, Weirdness & Mutations

You have sharp toenails.
You regenerate a little health from kills.
You are immune to rotting.
When seriously injured, your bleeding wounds create thick armour. (AC +9)


Message History

* * * LOW HITPOINT WARNING * * *
You bludgeon the boulder beetle!!
The boulder beetle shudders.
The boulder beetle is heavily wounded. x2
The boulder beetle bites you!
* * * LOW MAGIC WARNING * * *;
* * * LOW HITPOINT WARNING * * *
v - a +0 battleaxe (weapon)
You slash the boulder beetle!
The boulder beetle is severely wounded.
You hit the boulder beetle.
The boulder beetle is severely wounded.
The boulder beetle blinks!
The boulder beetle curls into a ball and begins rolling!
You feel a strong urge to attack something.
You are no longer berserk.
You are exhausted.
You feel yourself slow down.
You feel very mighty all of a sudden. The boulder beetle hits you!!!
* * * LOW MAGIC WARNING * * *
You die...

▒▒▒▒▒▒▒▒▒▒ ▒········▒
▒▒▒▒▒▒▒▒▒ ▒········▒
▒·····>·▒
▒········▒▒▒▒▒·······▒▒
▒········▒▒··········▒·
▒·····@B○▒··▒▒·······▒·
▒········°°▒▒▒·········
▒········▒▒▒ ▒·······▒▒
▒········▒ ▒·······▒
▒▒▒▒▒▒▒╬▒▒ ▒·······▒
▒▒▒▒▒·▒▒▒ ▒▒▒▒▒▒╬▒▒ ▒·▒
▒·······▒ ▒·▒ ▒·······▒
▒·▒


You could see a boulder beetle.

Vanquished Creatures
  Fannar (D:10)
  A hydra (D:11)
  3 two-headed ogres
  An orc knight (Bailey)
  Maggie (D:8)
  A troll (D:9)
  4 yaks (D:9)
  A water moccasin (D:10)
  3 ice beasts
  2 sky beasts (D:8)
  A black bear (D:8)
  19 orc warriors
  2 phantoms (D:6)
  5 ogres
  A necrophage (D:8)
  5 centaurs
  3 big kobolds
  2 bullfrogs
  2 scorpions (D:8)
  4 killer bees (D:10)
  3 wights (D:8)
  2 howler monkeys
  2 centaur zombies
  A bullfrog zombie (D:8)
  9 orc priests
  4 hounds
  A jelly (D:10)
  3 centaur skeletons
  A gnoll shaman (D:6)
  10 orc wizards
  Ijyb (D:5)
  3 iguanas
  6 worker ants
  A killer bee zombie (D:6)
  A hound skeleton (D:8)
  Robin (D:4)
  16 gnolls
  7 adders
  2 shadow imps
  4 white imps
  2 ufetubi
  3 oozes
  3 worms
  2 dart slugs
  8 leopard geckos
  74 orcs
  6 giant cockroaches
  32 goblins
  22 hobgoblins
  11 jackals
  22 kobolds
  2 quokkas
  4 bats
  8 rats
339 creatures vanquished.

Vanquished Creatures (collateral kills)
  An orc warlord (Bailey)
1 creature vanquished.

Grand Total: 340 creatures vanquished

Notes
Turn   | Place    | Note
-------+----------+-------------------------------------------
     0 | D:1      | Azzok the Demonspawn Berserker began the quest for the Orb.
     0 | D:1      | Reached XP level 1. HP: 18/18 MP: 1/1
   132 | D:1      | Reached skill level 3 in Axes
   147 | D:1      | Gained mutation: When seriously injured, your bleeding
                  | wounds create armour. (AC +9) [demonic ancestry]
   147 | D:1      | Reached XP level 2. HP: 10/24 MP: 2/2
  1082 | D:1      | Reached XP level 3. HP: 29/29 MP: 3/3
  1566 | D:2      | Reached skill level 4 in Axes
  1644 | D:2      | Reached XP level 4. HP: 28/35 MP: 4/4
  1937 | D:2      | Reached ** piety under Trog
  2184 | D:2      | Found a white marble altar of Elyvilon.
  2716 | D:2      | Found an ancient bone altar of Kikubaaqudgha.
  3053 | D:3      | Reached skill level 5 in Axes
  3187 | D:3      | Reached XP level 5. HP: 16/41 MP: 2/5
  3911 | D:4      | Found a basalt altar of Yredelemnul.
  3950 | D:4      | Reached *** piety under Trog
  4329 | D:4      | Found a shimmering blue altar of Sif Muna.
  4334 | D:4      | Noticed Robin
  4343 | D:4      | Killed Robin
  4544 | D:4      | Reached skill level 6 in Axes
  4546 | D:4      | Gained mutation: You have sharp toenails. [demonic
                  | ancestry]
  4546 | D:4      | Reached XP level 6. HP: 47/47 MP: 2/6
  5133 | D:4      | Reached skill level 7 in Axes
  5141 | D:4      | Gained mutation: When seriously injured, your bleeding
                  | wounds create thick armour. (AC +9) [demonic ancestry]
  5141 | D:4      | Reached XP level 7. HP: 52/52 MP: 4/7
  5244 | D:5      | Entered Level 5 of the Dungeon
  5409 | D:5      | Found a burning altar of Makhleb.
  5409 | D:5      | Noticed a green death
  5412 | D:5      | Noticed an orange demon
  5412 | D:5      | Noticed a neqoxec
  5481 | D:5      | Found Riocaego's Gadget Shop.
  5484 | D:5      | Noticed Ijyb
  5489 | D:5      | Killed Ijyb
  5489 | D:5      | Reached skill level 8 in Axes
  5601 | D:5      | Found a glowing silver altar of Zin.
  5654 | D:5      | Found a staircase to the Ecumenical Temple.
  5743 | D:6      | Reached **** piety under Trog
  6092 | D:6      | Reached skill level 9 in Axes
  6092 | D:6      | Gained mutation: You regenerate a little health from kills.
                  | [demonic ancestry]
  6092 | D:6      | Reached XP level 8. HP: 55/58 MP: 8/8
  6276 | D:6      | Found Uklien's Gadget Shoppe.
  6315 | D:6      | Found Xeley's General Store.
  6967 | D:6      | Reached skill level 10 in Axes
  7070 | D:7      | Found Kium's Jewellery Boutique.
  7081 | D:7      | Found Siekkeu's Assorted Antiques.
  7082 | D:7      | Found Jalem's Book Shoppe.
  7088 | D:7      | Bought a heavily runed lead ring for 105 gold pieces
  7088 | D:7      | Bought a scroll of identify for 42 gold pieces
  7088 | D:7      | Bought a scroll of identify for 42 gold pieces
  7088 | D:7      | Identified the ring "Eciffoum" {Ice Str+3} (You bought it
                  | in a shop on level 7 of the Dungeon)
  7116 | D:7      | Found a flagged portal.
  7128 | Bailey   | Entered a bailey
  7259 | Bailey   | Reached ***** piety under Trog
  7360 | Bailey   | Reached skill level 11 in Axes
  7360 | Bailey   | Reached XP level 9. HP: 32/63 MP: 3/9
  7995 | Bailey   | Noticed an orc knight
  8007 | Bailey   | Killed an orc knight
  8315 | Bailey   | Noticed an orc warlord
  8325 | Bailey   | Killed an orc warlord
  8496 | Bailey   | Reached XP level 10. HP: 57/73 MP: 7/10
  8700 | D:7      | Found Ynteomum's Weapon Boutique.
  8847 | D:8      | Noticed Maggie
  8863 | D:8      | Killed Maggie
  8863 | D:8      | Reached skill level 5 in Fighting
  8875 | D:8      | Reached skill level 12 in Axes
  9196 | D:8      | Noticed a two-headed ogre
  9200 | D:8      | Killed a two-headed ogre
  9580 | D:8      | Reached skill level 5 in Armour
  9580 | D:8      | Reached skill level 5 in Dodging
 10042 | D:9      | Found a roughly hewn altar of Beogh.
 10042 | D:9      | Found a staircase to the Orcish Mines.
 10101 | D:9      | Found a blossoming altar of Fedhas.
 10104 | D:9      | Found a radiant altar of Vehumet.
 10104 | D:9      | Found a sacrificial altar of Ru.
 10208 | D:9      | Received a gift from Trog
 10291 | D:9      | Gained mutation: You are immune to rotting. [demonic
                  | ancestry]
 10291 | D:9      | Reached XP level 11. HP: 83/83 MP: 9/11
 10781 | D:9      | Found the +6 shillelagh "Devastator" {shatter}
 10849 | D:10     | Entered Level 10 of the Dungeon
 10939 | D:10     | Noticed a two-headed ogre
 10947 | D:10     | Killed a two-headed ogre
 11255 | D:10     | Reached skill level 14 in Axes
 11255 | D:10     | Reached XP level 12. HP: 89/89 MP: 12/12
 11290 | D:10     | Noticed Fannar
 11303 | D:10     | Killed Fannar
 11342 | D:10     | Found a staircase to the Lair.
 11391 | D:10     | Reached skill level 15 in Axes
 11894 | D:11     | Noticed a six-headed hydra
 11897 | D:11     | Killed a six-headed hydra
 12013 | D:11     | Noticed a two-headed ogre
 12018 | D:11     | Killed a two-headed ogre
 12359 | D:11     | Noticed a boulder beetle
 12383 | D:11     | Annihilated by a boulder beetle

Illustrated notes

Levels and vault maps discovered:
D:1:      saegor_arrival_simple_e, layout_basic, minmay_stone_trees_medium
D:2:      layout_loops_ring, lemuel_coloured_pillars_altar, elyvilon_altar_4,
          chequers_serial_rivers_micro_e
D:3:      layout_basic, hangedman_glass_teeth
D:4:      layout_basic, nicolae_overflow_crystal_walls, led_sif_book,
          kennysheep_generic_room_3, uniq_robin
D:5:      layout_rooms, makhleb_altar_promises_db, zin_academy,
          minmay_temple_entry_stoned_glass, serial_shops, shop, uniq_ijyb
D:6:      layout_basic, serial_shops, shop, shop
D:7:      layout_gridville, enter_bailey_6, serial_shops, shop, shop, shop, shop
D:8:      layout_basic, uniq_maggie
D:9:      layout_rooms, chequers_temple_overflow_statue_of_worship, david_orc_5
D:10:     layout_long_grid, dpeg_oklobed_lair, uniq_fannar
D:11:     layout_roguey, columned_hall_lemuel

Skill      XL: |  1  2  3  4  5  6  7  8  9 10 11 12 |
---------------+-------------------------------------+-----
Axes           | 3 4 5 6 7 9 11 12 14 15 | 15.4
Dodging        | 3 5 |  5.7
Armour         | 3 5 |  5.6
Fighting       | 4 6 |  6.6

Action                   |  1- 3 |  4- 6 |  7- 9 | 10-12 || total
-------------------------+-------+-------+-------+-------++-------
Melee: Hand axe          |   112 |   263 |   111 |       ||   486
       Kick              |       |     9 |   103 |    89 ||   201
       Battleaxe         |       |       |   223 |   286 ||   509
       Shillelagh        |       |       |       |    26 ||    26
Invok: Berserk           |     1 |     4 |     4 |     8 ||    17
       Trog's Hand       |       |       |     1 |       ||     1
       Brothers in Arms  |       |       |     1 |       ||     1
  Use: Scroll            |       |       |     5 |     7 ||    12
       Potion            |       |       |       |     2 ||     2
 Stab: Sleeping          |     1 |       |       |       ||     1
Armor: Animal skin       |    14 |       |       |       ||    14
       Chain mail        |    25 |   181 |    71 |       ||   277
       Plate armour      |       |       |    81 |   197 ||   278
       Skin              |       |       |     1 |       ||     1
Dodge: Dodged            |    57 |   140 |   106 |   162 ||   465

Table legend: (Time is in decaauts)
 A = Elapsed time spent in this place.
 B = Non-inter-level travel time spent in this place.
 C = Inter-level travel time spent in this place.
 D = Time resting spent in this place.
 E = Time spent auto-exploring this place.
 F = Levels seen in this place.
 G = Mean time per level.
                   A        B        C        D        E       F      G
               +--------+--------+--------+--------+--------+-----+--------+
         Total |  12571 |  12297 |    274 |   1776 |   8118 |  12 | 1047.6 |
       Dungeon |  11034 |  10760 |    274 |    872 |   8025 |  11 | 1003.1 |
        Bailey |   1536 |   1536 |      0 |    903 |     93 |   1 | 1536.0 |
               +--------+--------+--------+--------+--------+-----+--------+

Top non-repeatable levels by time:
     D:1: 1556 daAuts
  Bailey: 1536 daAuts
     D:4: 1403 daAuts
     D:2: 1358 daAuts
     D:8: 1157 daAuts
     D:6: 1131 daAuts
    D:10: 1026 daAuts
     D:3: 995 daAuts
     D:9: 943 daAuts
     D:5: 653 daAuts
    D:11: 528 daAuts
     D:7: 281 daAuts
